 Dungeon Crawl Stone Soup version 0.30-a0-782-ge64f9170bb (webtiles) character file.

Game seed: 11840338046624973217

139 cheesebisquit the Digger (level 5, -2/31 HPs)
             Began as a Gargoyle Earth Elementalist on Feb 18, 2023.
             Slain by an orc
             ... wielding a +2 mace of protection
              (5 damage)
             ... on level 3 of the Dungeon.
             The game lasted 00:05:54 (2310 turns).

cheesebisquit the Digger (GrEE)                     Turns: 2310, Time: 00:05:54

Health: -2/31      AC:  8    Str: 11    XL:     5   Next: 22%
Magic:  0/9        EV: 11    Int: 18    God:
Gold:   72         SH:  0    Dex: 10    Spells: 9/10 levels left

rFire   . . .      SeeInvis .    d - +0 club
rCold   . . .      Faith    .    (no shield)
rNeg    + . .      Spirit   .    a - +0 robe
rPois   ∞          Reflect  .    h - +0 hat
rElec   +          Harm     .    (no cloak)
rCorr   .          Rampage  .    (no gloves)
Will    .....                    i - +1 pair of boots
Stlth   ++                       (no amulet)
HPRegen 0.25/turn                (no ring)
MPRegen 0.11/turn                (no ring)

@: no status effects
A: sickness immunity, AC +4, negative energy resistance 1, electricity
resistance, torment resistance 1, petrification resistance
a: no special abilities


You were on level 3 of the Dungeon.
You visited 1 branch of the dungeon, and saw 3 of its levels.

You collected 96 gold pieces.
You spent 24 gold pieces at shops.

Inventory:

Hand Weapons
 d - a +0 club (weapon)
Missiles
 g - 2 poisoned darts
Armour
 a - a +0 robe (worn)
 h - a +0 hat (worn)
 i - a +1 pair of boots (worn)
Jewellery
 e - a +6 ring of strength
Scrolls
 c - 2 scrolls of enchant weapon
 f - 2 scrolls of amnesia
 j - a scroll of identify
 k - a scroll of fear {unknown}
Potions
 b - a potion of curing


   Skills:
 + Level 2.6 Fighting
 - Level 1.5 Dodging
 - Level 2.2 Stealth
 + Level 3.2 Spellcasting
 - Level 0.7 Transmutations
 + Level 5.0 Earth Magic


You had 9 spell levels left.
You knew the following spells:

 Your Spells              Type           Power      Damage    Failure   Level
a - Sandblast             Erth           42%        2d11      1%          1

Your spell library contained the following spells:

 Spells                   Type           Power      Damage    Failure   Level
 Passwall                 Tmut/Erth      10%        N/A       8%          2
 Stone Arrow              Conj/Erth      22%        3d8       17%         3
 Petrify                  Tmut/Erth      13%        N/A       43%         4


Dungeon Overview and Level Annotations

Branches:
Dungeon (3/15)

Altars:

Shops:
D:2 *


Innate Abilities, Weirdness & Mutations

You are immune to sickness and miasma.
Your stone body is resilient. (AC +4)
You are immune to poison.
You resist negative energy. (rN+)
You are resistant to electric shocks. (rElec)
You are resistant to unholy torment.
You are immune to petrification.


Message History

The blast of sand hits the worm!
The worm is heavily wounded.
The blast of sand hits the worm!!
You kill the worm!
An orc comes into view. It is wielding a +2 mace of protection.
A bat comes into view.
The blast of sand hits the orc but does no damage.
The orc shouts!
The blast of sand hits the bat!
You kill the bat!
The blast of sand hits the orc but does no damage.
The orc hits you with a +2 mace of protection.
The orc closely misses you.
The blast of sand hits the orc but does no damage.
The orc barely misses you.
The blast of sand hits the orc but does no damage.
The orc barely misses you. x2
The blast of sand hits the orc but does no damage.
The orc hits you with a +2 mace of protection.
The blast of sand hits the orc but does no damage.
The orc hits you with a +2 mace of protection. x2
You are too injured to fight recklessly!
Aiming: Sandblast (safe; 1% risk of failure)
Press: ? - help, Q - select action, (/) - cycle Shift-Dir - straight line, f/p - orc
Aim: an orc, wielding a +2 mace of protection and wearing a +0 chain mail (87% to hit)
The blast of sand hits the orc but does no damage.
The orc hits you with a +2 mace of protection.
Aiming: Sandblast (safe; 1% risk of failure)
Press: ? - help, Q - select action, (/) - cycle Shift-Dir - straight line, f/p - orc
Aim: an orc, wielding a +2 mace of protection and wearing a +0 chain mail (87% to hit)
The blast of sand hits the orc but does no damage.
The orc hits you with a +2 mace of protection.
The orc barely misses you.
You hit the orc but do no damage.
The orc hits you with a +2 mace of protection!
* * * LOW HITPOINT WARNING * * *
You hit the orc but do no damage. The orc closely misses you.
You closely miss the orc.
The orc hits you with a +2 mace of protection.
You die...

##.# ### #... .# #..
...# .# #.# #####..###.#
#.# #..........# #.#
#^.....##..# #.#
##.....o##..# ##.#
#......@##..#########.#.
.....................###
............###.#####.#.
.........##.###.######.#
#.......###.......)).).#
##.....## #.###.########
##...# #.# #.# ##.# #.#
#.# #. #.# #.#


You could see an orc.

Vanquished Creatures
  An orc wizard (D:3)
  3 gnolls (D:3)
  2 adders (D:2)
  3 worms
  2 dart slugs (D:2)
  4 orcs
  6 bats
  4 endoplasms
  A giant cockroach (D:1)
  4 goblins
  3 hobgoblins
  7 jackals
  3 quokkas (D:2)
  3 ball pythons
  A kobold (D:1)
47 creatures vanquished.

Vanquished Creatures (others)
  A plant (D:1)
1 creature vanquished.

Grand Total: 48 creatures vanquished

Notes
Turn   | Place    | Note
-------+----------+-------------------------------------------
     0 | D:1      | cheesebisquit the Gargoyle Earth Elementalist began the
                  | quest for the Orb.
     0 | D:1      | Reached XP level 1. HP: 10/10 MP: 3/3
   360 | D:1      | Reached XP level 2. HP: 16/16 MP: 3/5
   366 | D:1      | Found a faded altar of an unknown god.
   734 | D:1      | Reached skill level 1 in Fighting
   736 | D:1      | Reached skill level 4 in Earth Magic
  1213 | D:2      | Reached XP level 3. HP: 20/20 MP: 3/6
  1370 | D:2      | Found Cautei's General Store.
  1377 | D:2      | Bought a scroll of identify for 24 gold pieces
  1733 | D:2      | Reached XP level 4. HP: 24/26 MP: 2/8
  2202 | D:3      | Reached skill level 5 in Earth Magic
  2202 | D:3      | Reached XP level 5. HP: 16/31 MP: 2/9
  2310 | D:3      | Slain by an orc

Illustrated notes

Levels and vault maps discovered:
D:1:      ebering_trefoil_twist, layout_basic, shapermc_ecumenical_altar_gd,
          nicolae_figureground_pulse
D:2:      layout_loops_cross, serial_shops, shop
D:3:      layout_loops_ring, amethyst_overflow_temple_binary

Skill      XL: |  1  2  3  4 |
---------------+-------------+-----
Fighting       | 1 2 |  2.6
Earth Magic    | 4 5 |  5.0
Spellcasting   | 3 |  3.2
Dodging        | |  1.5
Stealth        | |  2.2
Transmutations | |  0.7

Action                     |  1- 3 |  4- 6 || total
---------------------------+-------+-------++-------
  Melee: Unarmed           |    22 |       ||    22
         Club              |       |     8 ||     8
   Cast: Sandblast         |    51 |    35 ||    86
    Use: Scroll            |     4 |     1 ||     5
         Potion            |       |     2 ||     2
 Armour: Robe              |    19 |    18 ||    37
  Dodge: Dodged            |    31 |    20 ||    51

Table legend: (Time is in decaauts)
 A = Elapsed time spent in this place.
 B = Non-inter-level travel time spent in this place.
 C = Inter-level travel time spent in this place.
 D = Time resting spent in this place.
 E = Time spent auto-exploring this place.
 F = Levels seen in this place.
 G = Mean time per level.
                   A        B        C        D        E       F      G
               +--------+--------+--------+--------+--------+-----+--------+
         Total |   2355 |   2253 |    102 |     96 |   1846 |   3 |  785.0 |
       Dungeon |   2355 |   2253 |    102 |     96 |   1846 |   3 |  785.0 |
               +--------+--------+--------+--------+--------+-----+--------+

Top non-repeatable levels by time:
     D:1: 1212 daAuts
     D:2: 926 daAuts
     D:3: 217 daAuts
